 Dungeon Sprint DCSS version 0.28-a0-476-g0f06bd746f (webtiles) character file.

Game seed: 14261203967753697827

825 xpp the Imperceptible (level 7, -16/45 HPs)
             Began as an Octopode Brigand on Aug 16, 2021.
             Was a High Priest of Dithmenos.
             Demolished by Harold (19 damage)
             ... in the Dungeon (Sprint VII: "The Pits") on Sept 17, 2021.
             The game lasted 00:07:34 (334 turns).

xpp the Imperceptible (Octopode Brigand)             Turns: 334, Time: 00:07:37

Health: -16/45     AC:  1    Str: 12      XL:     7   Next: 96%
Magic:  7/7        EV:  7    Int: 14      God:    Dithmenos [*****.]
Gold:   17         SH:  0    Dex: 11 (13) Spells: 6/6 levels left

rFire   . . .      SeeInvis .   m - +2 dagger (drain)
rCold   . . .      Faith    .   (no shield)
rNeg    . . .      Spirit   .   (helmet restricted)
rPois   .          Reflect  .   (no amulet)
rElec   .          Harm     .   (no ring)
rCorr   .          Rampage  .   (no ring)
Will    .....      NoTele   +   (no ring) Stlth ****++++++
                                (no ring)
HPRegen 0.15/turn               (no ring)
MPRegen 0.10/turn               (no ring)
                                (no ring)
                                (no ring)

@: marked, on berserk cooldown, held, slowed, wreathed by umbra, very slow
A: almost no armour, amphibious, 8 rings, camouflage 1, gelatinous body 1,
(nimble swimmer 1), tentacles
a: Renounce Religion, Shadow Step, Shadow Form


You were in the Dungeon.
You worshipped Dithmenos.
Dithmenos was extremely pleased with you.
You visited 1 branch You collected 17 gold pieces.

Inventory:

Hand Weapons
 a - a +2 dagger
 m - a +2 dagger of draining (weapon)
 o - a +3 short sword of speed
Missiles
 b - 8 poisoned darts (quivered)
 c - 2 curare-tipped darts
Armour
 p - a +2 cloak of poison resistance
Wands
 n - a wand of flame (11)
Scrolls
 i - a scroll of blinking
 k - 5 scrolls of amnesia
 l - a scroll of summoning
Potions
 d - 6 potions of curing
 e - 2 potions of heal wounds
 f - a potion of haste
 g - 4 potions of magic
 h - a potion of berserk rage
 j - a potion of invisibility


   Skills:
 - Level 2.0 Fighting
 + Level 2.7 Short Blades
 - Level 2.0 Throwing
 - Level 1.0 Dodging
 * Level 21.4 Stealth


You had 6 spell levels left.
You didn't know any spells.
Your spell library was empty.

Dungeon Overview and Level Annotations

Branches:
Dungeon (1/1)

Altars:
Ashenzari
Cheibriados
Dithmenos
Elyvilon
Fedhas
Gozag
Hepliaklqana
Kikubaaqudgha
Makhleb
Nemelex Xobeh
Okawaru
Qazlal
Ru
Sif Muna
Trog
Uskayaw
Vehumet
Wu Jian
Xom
Yredelemnul
Zin
The Shining One
Beogh
Jiyva
Lugonu

Annotations:
D Harold


Innate Abilities, Weirdness & Mutations

You cannot wear most types of armour.
You are amphibious.
You can wear up to eight rings at the same time.
Your skin changes colour to match your surroundings (Stealth+).
Your rubbery body absorbs attacks. (AC +1, EV +1)
((You are camouflaged near water. (Stealth+)))
You have tentacles for arms and can constrict up to eight enemies at once.


Message History

Harold is lightly wounded.
You constrict Harold, but do no damage. You hit Harold. You squeeze Harold.
Harold is lightly wounded.
You constrict Harold. Harold misses you.
You puncture Harold!
Harold is moderately wounded.
You constrict Harold.
Harold hits you with a +0 short sword of speed!!
The mummy hits you!
* * * LOW HITPOINT WARNING * * *
You release your grip on Harold.
Harold throws a throwing net.
The throwing net hits you.
You become entangled in the net!
There is an open door here.
You see here a throwing net.
You struggle against the net.
You feel a strong urge to attack something.
You struggle against the net.
You are no longer berserk.
You are exhausted.
You feel yourself slow down.
You feel much better.
Harold points at you and mumbles some strange words.
A sentinel's mark forms upon you.
Harold hits you with a +0 short sword of speed!
You feel much better.
Harold hits you with a +0 short sword of speed.
Harold pauses a moment, imagining something with a smile on his face.
Harold hits you with a +0 short sword of speed!!
Ouch! That really hurt!
You emit a cloud of dark smoke.
You feel much better. Harold barely misses you.
Harold hits you with a +0 short sword of speed!
You struggle against the net.
Harold hits you with a +0 short sword of speed.
Harold shouts, "Can you die now?
I had plans for the rest of the day!"
Harold hits you with a +0 short sword of speed!
* * * LOW HITPOINT WARNING * * *
Harold hits you with a +0 short sword of speed!!
You die...

#.#..'[))).##.......#
#.#††#[.)).##.......#
#'###########.......#
#.......# #########
#..#.#..# ######
#.##.##.# #....#
#.......#+#§...#
#.##.##.#§@§...+
#..#.#..#@#....#
#.......§§#....#
################


You could see Harold.

Vanquished Creatures
  Maurice (D)
  A warg (D)
  2 ice beasts (D)
  A bullfrog (D)
  A quasit (D)
  An iron imp (D)
  An iguana (D)
  A gnoll (D)
  2 adders (D)
  A river rat (D)
  An ufetubus (D)
  A giant cockroach (D)
  4 jackals (D)
  A ball python (D)
  A ball python zombie (D)
  A bat (D)
21 creatures vanquished.

Notes
Turn   | Place    | Note
-------+----------+-------------------------------------------
     0 | D        | xpp the Octopode Brigand began the quest for the Orb.
     0 | D        | Reached XP level 1. HP: 14/14 MP: 1/1
     0 | D        | Upgraded the game from 0.28-a0-128-gcbb86046cc to
                  | 0.28-a0-476-g0f06bd746f
    57 | D        | Found a glowing golden altar of the Shining One.
    57 | D        | Found a glowing silver altar of Zin.
    57 | D        | Found a basalt altar of Yredelemnul.
    57 | D        | Found a shimmering altar of Xom.
    57 | D        | Found an ornate altar of the Wu Jian Council.
    57 | D        | Found a bloodstained altar of Trog.
    57 | D        | Found a shimmering blue altar of Sif Muna.
    57 | D        | Found a sacrificial altar of Ru.
    57 | D        | Found a stormy altar of Qazlal.
    57 | D        | Found an iron altar of Okawaru.
    57 | D        | Found a sparkling altar of Nemelex Xobeh.
    57 | D        | Found a burning altar of Makhleb.
    57 | D        | Found a viscous altar of Jiyva.
    57 | D        | Found a hazy altar of Hepliaklqana.
    57 | D        | Found an opulent altar of Gozag.
    57 | D        | Found a blossoming altar of Fedhas.
    57 | D        | Found a white marble altar of Elyvilon.
    57 | D        | Found a shadowy altar of Dithmenos.
    57 | D        | Found a snail-covered altar of Cheibriados.
    58 | D        | Found a radiant altar of Vehumet.
    58 | D        | Found a corrupted altar of Lugonu.
    59 | D        | Found a hide-covered altar of Uskayaw.
    59 | D        | Found an ancient bone altar of Kikubaaqudgha.
    59 | D        | Found a broken altar of Ashenzari.
    65 | D        | Became a worshipper of Dithmenos the Shadowed
    79 | D        | Reached skill level 6 in Stealth
    99 | D        | Reached * piety under Dithmenos
   102 | D        | Reached skill level 7 in Stealth
   110 | D        | Reached ** piety under Dithmenos
   111 | D        | Reached skill level 8 in Stealth
   111 | D        | Reached XP level 2. HP: 18/19 MP: 2/2
   114 | D        | Reached skill level 9 in Stealth
   122 | D        | Reached XP level 3. HP: 23/24 MP: 3/3
   123 | D        | Reached skill level 10 in Stealth
   128 | D        | Reached *** piety under Dithmenos
   130 | D        | Reached skill level 11 in Stealth
   178 | D        | Noticed a bullfrog
   180 | D        | Noticed an ice beast
   181 | D        | Noticed an ice beast
   182 | D        | Killed an ice beast
   183 | D        | Reached skill level 14 in Stealth
   183 | D        | Reached XP level 4. HP: 29/29 MP: 4/4
   183 | D        | Reached XP level 5. HP: 34/34 MP: 5/5
   184 | D        | Killed an ice beast
   185 | D        | Reached skill level 16 in Stealth
   185 | D        | Reached XP level 6. HP: 39/39 MP: 6/6
   194 | D        | Reached **** piety under Dithmenos
   198 | D        | Reached skill level 17 in Stealth
   297 | D        | Reached skill level 18 in Stealth
   305 | D        | Noticed a warg
   307 | D        | Killed a warg
   307 | D        | Reached ***** piety under Dithmenos
   308 | D        | Reached skill level 19 in Stealth
   308 | D        | Reached XP level 7. HP: 45/45 MP: 7/7
   308 | D        | Noticed Maurice
   310 | D        | Killed Maurice
   311 | D        | Reached skill level 21 in Stealth
   314 | D        | Noticed Harold
   334 | D        | Demolished by Harold

Illustrated notes

Levels and vault maps discovered:
D:        pitsprint [storerooms_1, entrance_room_1, metal_vault_5, armoury_1,
          mini_pit_1, grid_room_1, main_hall_1, silver_pit, the_coven_1,
          the_vestibule_1, steel_vault_5, golden_pit, hallway_of_sentries,
          crystal_vault_2, iron_vault_2, final_vault]

Skill      XL: |  1  2  3  4  5  6  7 |
---------------+----------------------+-----
Stealth        | 8 9 14 16 19 21 | 21.4
Fighting       | |  2.0
Short Blades   | |  2.7
Throwing       | |  2.0
Dodging        | |  1.0

Action                   |  1- 3 |  4- 6 |  7- 9 || total
-------------------------+-------+-------+-------++-------
Melee: Dagger            |    21 |     9 |     8 ||    38
       Tentacles         |     4 |     2 |     1 ||     7
       Constrict         |     1 |     2 |     1 ||     4
  Use: Potion            |     2 |     1 |     4 ||     7
 Stab: Sleeping          |     8 |     3 |     1 ||    12
       Invisible         |     2 |       |       ||     2
Armor: Skin              |     1 |     2 |     2 ||     5
Dodge: Dodged            |    16 |     8 |     8 ||    32

Table legend: (Time is in decaauts)
 A = Elapsed time spent in this place.
 B = Non-inter-level travel time spent in this place.
 C = Inter-level travel time spent in this place.
 D = Time resting spent in this place.
 E = Time spent auto-exploring this place.
 F = Levels seen in this place.
 G = Mean time per level.
                   A        B        C        D        E       F      G
               +--------+--------+--------+--------+--------+-----+--------+
         Total |    332 |    332 |      0 |     78 |      0 |   1 |  332.0 |
       Dungeon |    332 |    332 |      0 |     78 |      0 |   1 |  332.0 |
               +--------+--------+--------+--------+--------+-----+--------+

Top non-repeatable levels by time:
       D: 332 daAuts
